AoeStats
← kenneth3011

Lombardia

510258547Analyzed
2v2 RM · 20h ago on Sep 30, 2026· 57m 17s· 4 players
Game mode
Random Map
Map size
Medium (4 player)
Population
200
Speed
Normal
Resources
Standard
Victory
Conquest
Starting age
Dark Age
Ending age
Imperial Age
RankedLock teamsTeams togetherTeam positionsShared explorationLock speedFull tech treeHidden civsTurbo modeCheats
Victory
Defeat
🇺🇸 Tatars · United States
1206
+15
🇺🇸 Varangians · United States
1111
+18
🇨🇴 Celts · Colombia
1171
-17
🇨🇴 Teutons · Colombia
1168
-16
Pegasus
6:52 Loom
9:19 Feudal Age
10:34 Double-Bit Axe
13:58 Horse Collar
16:49 Forging
18:49 Gold Mining
21:40 Castle Age
20:03 Fletching
21:09 Padded Archer Armor
21:21 Bloodlines
24:43 Bodkin Arrow
31:25 Wheelbarrow
31:13 Ballistics
32:57 Heavy Plow
36:22 Bow Saw
40:28 Imperial Age
38:58 Husbandry
39:04 Scale Barding Armor
39:35 Iron Casting
41:47 Elite Steppe Lancer
42:49 Chain Barding Armor
49:14 Conscription
48:54 Light Cavalry
50:18 Plate Barding Armor
50:43 Blast Furnace
goree.jacob
9:31 Loom
12:03 Feudal Age
13:25 Fletching
29:28 Castle Age
28:02 Horse Collar
28:19 Double-Bit Axe
29:56 Padded Archer Armor
41:21 Wheelbarrow
41:28 Bloodlines
45:14 Imperial Age
42:59 Husbandry
43:19 Forging
44:42 Scale Barding Armor
45:12 Iron Casting
47:15 Imperial Age
45:33 Bow Saw
46:09 Chain Barding Armor
46:53 Town Watch
48:24 Hand Cart
47:32 Cavalier
49:42 Stone Mining
52:55 Blast Furnace
52:16 Chain Barding Armor
53:19 Gold Mining
54:46 Stone Shaft Mining
56:12 Plate Barding Armor
58:03 Ballistics
chrisgrm
12:10 Feudal Age
10:34 Loom
16:39 Castle Age
17:41 Pikeman
18:23 Scale Mail Armor
21:28 Horse Collar
22:44 Man-at-Arms
23:10 Gambesons
36:30 Wheelbarrow
36:44 Forging
37:17 Double-Bit Axe
37:46 Town Watch
40:16 Iron Casting
52:04 Imperial Age
50:01 Chain Mail Armor
52:24 Halberdier
kenneth3011
7:17 Loom
9:34 Feudal Age
9:59 Double-Bit Axe
11:00 Fletching
12:41 Wheelbarrow
13:54 Stone Mining
19:37 Horse Collar
24:59 Castle Age
25:42 Bodkin Arrow
26:19 Guard Tower
26:52 Ballistics
26:24 Guard Tower
27:13 Stone Shaft Mining
27:16 Hand Cart
29:03 Gold Mining
34:55 Town Watch
39:21 Imperial Age
42:04 Conscription
42:34 Keep
43:14 Arrowslits
53:01 Hoardings
52:59 Bow Saw
52:53 Heavy Plow
53:42 Scale Mail Armor
53:52 Forging
54:33 Town Patrol
54:17 Pikeman
55:58 Halberdier
57:48 Iron Casting
Connection lost

Rejoining the realm…

Still unreachable

The connection could not be restored.

Session expired

The server has moved on; the page needs a fresh start.